 Dungeon Crawl Stone Soup version 0.30-a0-242-g7bf8e6d787 (webtiles) character file.

Game seed: 7807301877384790341

431 KennySheep the Trooper (level 6, -8/67 HPs)
             Began as an Ogre Cinder Acolyte on Oct 11, 2022.
             Was a High Priest of Ignis.
             Killed by divine providence
             ... invoked by an orc priest
              (13 damage)
             ... on level 5 of the Dungeon.
             The game lasted 00:11:24 (3459 turns).

KennySheep the Trooper (Ogre Cinder Acolyte)        Turns: 3459, Time: 00:11:25

Health: -8/67      AC:  5    Str: 21    XL:     6   Next: 99%
Magic:  7/7        EV: 13    Int: 15    God:    Ignis [*****.]
Gold:   25         SH:  0    Dex:  4    Spells: 7/7 levels left

rFire   + . .      SeeInvis .    s - +0 great mace
rCold   + . .      Faith    .    (shield currently unavailable)
rNeg    . . .      Spirit   .    b - +0 robe
rPois   .          Reflect  .    (helmet restricted)
rElec   .          Harm     .    B - +1 cloak
rCorr   .          Rampage  .    (gloves unavailable)
Will    .....                    (boots unavailable)
Stlth   +.........               (no amulet)
HPRegen 0.31/turn                c - +4 ring of evasion
MPRegen 0.10/turn                v - ring of protection from cold

@: no status effects
A: large, unfitting armour, tough skin 1
a: Renounce Religion, Fiery Armour, Foxfire Swarm, Rising Flame


You were on level 5 of the Dungeon.
You worshipped Ignis.
Ignis was extremely pleased with you.
You visited 1 branch of the dungeon, and saw 5 of its levels.

You collected 159 gold pieces.
You spent 134 gold pieces at shops.

Inventory:

Hand Weapons
 a - a -1 mace of flaming
 s - a +0 great mace (weapon)
Missiles
 e - 4 boomerangs
 l - 9 poisoned darts
 y - 37 stones
 C - an atropa-tipped dart (quivered)
Armour
 b - a +0 robe (worn)
 B - a +1 cloak (worn)
Jewellery
 c - a +4 ring of evasion (left hand)
 n - a ring of wizardry
 v - a ring of protection from cold (right hand)
 x - a ring of protection from cold
 z - a ring of fire
Scrolls
 f - a scroll of enchant armour
 j - a scroll of fear {unknown}
 o - 2 scrolls of silence
 q - a scroll of magic mapping {unknown}
 t - a scroll of poison {unknown}
 u - a scroll of noise
 w - 2 scrolls of teleportation
 A - a scroll of fog
Potions
 d - a potion of magic {unknown}
 g - a potion of might {unknown}
 h - a potion of attraction {unknown}
 i - 2 potions of curing
 k - 2 potions of heal wounds {unknown}
 m - a potion of cancellation {unknown}
 p - a potion of flight {unknown}
 r - a potion of berserk rage {unknown}
 D - 2 potions of haste {unknown}


   Skills:
 + Level 5.7 Fighting
 * Level 5.0 Maces & Flails
 * Level 3.9 Throwing
 - Level 1.2 Spellcasting
 - Level 2.6 Fire Magic


You had 7 spell levels left.
You didn't know any spells.
Your spell library contained the following spells:

 Spells                   Type           Power      Damage    Failure   Level
 Scorch                   Fire           16%        2d6       12%         2
 Ensorcelled Hibernation  Hex/Ice        0%         N/A       36%         2
 Passwall                 Tmut/Erth      0%         N/A       36%         2
 Ignite Poison            Fire/Tmut/Pois 3%         N/A       45%         3
 Ozocubu's Armour         Ice            0%         N/A       58%         3
 Swiftness                Air            0%         N/A       58%         3
 Sticky Flame             Conj/Fire      4%         2d3       80%         4
 Ozocubu's Refrigeration  Ice            0%         4d7       100%        7
 Ignition                 Fire           4%         3d4       100%        8


Dungeon Overview and Level Annotations

Branches:
Dungeon (5/15)
 Temple: D:4-7

Altars:
Nemelex Xobeh
Wu Jian

Shops:
D:4 ((

Annotations:
D:3 1 runed translucent door, Crazy Yiuf


Innate Abilities, Weirdness & Mutations

You are too large for most types of armour.
You have tough skin. (AC +1)


Message History

The orc priest hits you with a +0 short sword.
You barely miss the ogre.
The ogre is severely wounded.
The ogre hits you with a +0 giant club!!
* * * LOW HITPOINT WARNING * * *
The orc priest barely misses you.
You hit the ogre.
The ogre is almost dead.
The orc priest hits you with a +0 short sword.
* * * LOW HITPOINT WARNING * * *
The ogre closely misses you.
The orc priest hits you with a +0 short sword.
* * * LOW HITPOINT WARNING * * *
Okay, then.
Activating: Foxfire Swarm
Press: ? - help, Dir - look around, f - activate Flames leap up around you!
The ogre closely misses you.
The orc priest hits you but does no damage.
You hit the orc priest.
The orc priest is lightly wounded.
The foxfire hits the ogre but does no damage.
The ogre is almost dead.
The foxfire hits the orc priest but does no damage.
The orc priest is lightly wounded.
The foxfire hits the orc priest but does no damage.
The orc priest is lightly wounded.
The foxfire hits the orc priest but does no damage.
The orc priest is lightly wounded.
The ogre closely misses you.
The orc priest hits you with a +0 short sword.
* * * LOW HITPOINT WARNING * * *
You closely miss the ogre.
The ogre is almost dead.
The orc priest casts a cantrip, but nothing happens.
The ogre closely misses you. The orc priest closely misses you.
You sock the ogre!
You kill the ogre!
The orc priest invokes the aid of Beogh against you.
Beogh smites you!
You die...

.....# .##..## .#
.##...# #####.#
.<....# #.....
.####.# #.... .#
#.##### #... .#
#.....# #(. ### .#
#.###.#####.###.....
.# #.#
#.....#o@)(...# .#
#.# #.###..######...
.# ..# #.# ##.# .#
... ).# #...
.....### ####?.
.#... ... .# .. .. .


You could see an orc priest.

Vanquished Creatures
  Sigmund (D:4)
  An ogre (D:5)
  A scorpion (D:4)
  A hound (D:4)
  3 orc wizards (D:4)
  5 adders
  A worm (D:2)
  A dart slug (D:1)
  5 orcs
  5 ball pythons
  5 bats
  7 endoplasms
  A giant cockroach (D:3)
  10 goblins
  4 hobgoblins
  4 kobolds
  4 quokkas
  3 frilled lizards
  10 rats
72 creatures vanquished.

Vanquished Creatures (others)
  4 foxfires (D:5)
4 creatures vanquished.

Grand Total: 76 creatures vanquished

Notes
Turn   | Place    | Note
-------+----------+-------------------------------------------
     0 | D:1      | KennySheep the Ogre Cinder Acolyte began the quest for the
                  | Orb.
     0 | D:1      | Reached XP level 1. HP: 24/24 MP: 2/2
   104 | D:1      | Reached XP level 2. HP: 32/32 MP: 3/3
   746 | D:1      | Reached XP level 3. HP: 39/40 MP: 4/4
  1294 | D:2      | Reached skill level 1 in Throwing
  1617 | D:2      | Reached XP level 4. HP: 48/49 MP: 5/5
  2580 | D:3      | Found a runed translucent door.
  2581 | D:3      | Noticed Crazy Yiuf
  2869 | D:4      | Found a sparkling altar of Nemelex Xobeh.
  2919 | D:4      | Found an ornate altar of the Wu Jian Council.
  2972 | D:4      | Reached XP level 5. HP: 55/55 MP: 6/6
  3004 | D:4      | Noticed Sigmund
  3019 | D:4      | Killed Sigmund
  3020 | D:4      | Reached skill level 5 in Fighting
  3020 | D:4      | Reached XP level 6. HP: 66/66 MP: 7/7
  3084 | D:4      | Found Rowkas's Weapon Shop.
  3111 | D:4      | Bought a +0 great mace for 91 gold pieces
  3111 | D:4      | Bought 3 stones for 4 gold pieces
  3216 | D:4      | Found Dud Sew's Weapon Shop.
  3230 | D:4      | Bought 4 stones for 4 gold pieces
  3230 | D:4      | Bought 3 stones for 3 gold pieces
  3230 | D:4      | Bought 7 stones for 7 gold pieces
  3243 | D:4      | Bought 3 atropa-tipped darts for 25 gold pieces
  3267 | D:4      | Reached skill level 5 in Maces & Flails
  3423 | D:5      | Entered Level 5 of the Dungeon
  3459 | D:5      | Killed from afar by an orc priest

Illustrated notes

Levels and vault maps discovered:
D:1:      doesnt_arrival_eight_statues, layout_basic, serial_park_tiny_1
D:2:      layout_loops_ring
D:3:      layout_loops_ring, chequers_serial_rivers_marsh,
          uniq_crazy_yiuf_cottage
D:4:      layout_cave_pools, mainiacjoe_overflow_catwalk,
          mainiacjoe_overflow_concentric_impassable, serial_shops, shop,
          nicolae_shop_bloodbath_and_beyond, uniq_sigmund
D:5:      layout_basic, nicolae_overflow_two_pavilions,
          minmay_temple_entry_proselytizer

Skill      XL: |  1  2  3  4  5  6 |
---------------+-------------------+-----
Maces & Flails | 3 4 5 |  5.0
Throwing       | 1 2 3 |  3.9
Fighting       | 5 |  5.7
Spellcasting   | |  1.2
Fire Magic     | |  2.6

Action                   |  1- 3 |  4- 6 || total
-------------------------+-------+-------++-------
Melee: Mace              |   131 |   104 ||   235
       Punch             |       |     1 ||     1
       Great mace        |       |    19 ||    19
Throw: Dart              |     5 |     2 ||     7
Invok: Foxfire Swarm     |       |     1 ||     1
  Use: Scroll            |     1 |     4 ||     5
       Potion            |       |     1 ||     1
Armor: Robe              |    35 |    47 ||    82
Dodge: Dodged            |   101 |    91 ||   192

Table legend: (Time is in decaauts)
 A = Elapsed time spent in this place.
 B = Non-inter-level travel time spent in this place.
 C = Inter-level travel time spent in this place.
 D = Time resting spent in this place.
 E = Time spent auto-exploring this place.
 F = Levels seen in this place.
 G = Mean time per level.
                   A        B        C        D        E       F      G
               +--------+--------+--------+--------+--------+-----+--------+
         Total |   3517 |   3357 |    160 |     99 |   2546 |   5 |  703.4 |
       Dungeon |   3517 |   3357 |    160 |     99 |   2546 |   5 |  703.4 |
               +--------+--------+--------+--------+--------+-----+--------+

Top non-repeatable levels by time:
     D:1: 977 daAuts
     D:2: 972 daAuts
     D:3: 894 daAuts
     D:4: 634 daAuts
     D:5: 38 daAuts
